 Dungeon Crawl Stone Soup version 0.30-a0-12-gd8047c6341 (webtiles) character file.

Game seed: 4798671245920976209

6458 siradein the Fighter (level 10, -15/89 HPs)
             Began as a Demonspawn Fighter on Aug 23, 2022.
             Killed by the air
             ... invoked by Gastronok
              (30 damage)
             ... on level 8 of the Dungeon.
             The game lasted 00:11:56 (10780 turns).

siradein the Fighter (Demonspawn Fighter)          Turns: 10780, Time: 00:11:56

Health: -15/89     AC:  7    Str: 17    XL:     10   Next: 67%
Magic:  10/10      EV: 10    Int: 10    God:
Gold:   236        SH: 13    Dex: 22    Spells: 9/9 levels left

rFire   . . .      SeeInvis .    y - +0 dagger (elec)
rCold   . . .      Faith    .    I - +2 buckler
rNeg    . . .      Spirit   .    J - +0 troll leather armour
rPois   +          Reflect  +    (no helmet)
rElec   .          Harm     .    m - +0 cloak
rCorr   .          Rampage  .    c - +0 pair of gloves
Will    .....                    N - +0 pair of boots
Stlth   ++........               w - amulet of reflection
HPRegen 1.04/turn                r - ring of poison resistance
MPRegen 0.12/turn                q - +6 ring of dexterity

@: no status effects
A: hooves 2, demonic magic 2
a: no special abilities


You were on level 8 of the Dungeon.
You visited 2 branches of the dungeon, and saw 10 of its levels.

You collected 423 gold pieces.
You spent 187 gold pieces at shops.

Inventory:

Hand Weapons
 a - a +0 rapier
 y - a +0 dagger of electrocution (weapon)
 K - a +2 scimitar of flaming
Armour
 c - a +0 pair of gloves (worn)
 m - a +0 cloak (worn)
 I - a +2 buckler (worn)
 J - a +0 troll leather armour (worn)
 N - a +0 pair of boots (worn)
Jewellery
 p - an amulet of magic regeneration
 q - a +6 ring of dexterity (right hand)
 r - a ring of poison resistance (left hand)
 w - an amulet of reflection (around neck)
 L - a ring of flight
Wands
 b - a wand of flame (10)
 j - a wand of acid (22)
 n - a wand of polymorph (10)
 G - a wand of roots (8)
 O - a wand of mindburst (4)
Scrolls
 e - a scroll of silence {unknown}
 h - 3 scrolls of enchant weapon {unknown}
 k - 3 scrolls of noise {unknown}
 l - a scroll of blinking {unknown}
 o - 4 scrolls of teleportation {unknown}
 s - 2 scrolls of enchant armour {unknown}
 u - a scroll of butterflies {unknown}
 v - a scroll of poison {unknown}
 z - 2 scrolls of amnesia {unknown}
 A - a scroll of fear {unknown}
 B - a scroll of vulnerability {unknown}
 C - 2 scrolls of torment
 E - a scroll of immolation {unknown}
 F - a scroll of magic mapping {unknown}
Potions
 d - a potion of might
 f - 2 potions of berserk rage
 g - 2 potions of heal wounds
 i - a potion of invisibility {unknown}
 t - 2 potions of magic
 x - 4 potions of mutation
 D - a potion of lignification
 H - 4 potions of curing
 M - a potion of flight {unknown}
 P - a potion of haste {unknown}


   Skills:
 + Level 11.7 Fighting
 + Level 10.6 Short Blades
 - Level 2.6 Armour
 - Level 4.0 Shields


You had 9 spell levels left.
You didn't know any spells.
Your spell library contained the following spells:

 Spells                   Type           Power      Damage    Failure   Level
 Apportation              Tloc           0%         N/A       52%         1
 Magic Dart               Conj           0%         1d3       52%         1
 Call Imp                 Summ           0%         N/A       65%         2
 Mephitic Cloud           Conj/Pois/Air  0%         N/A       87%         3
 Alistair's Intoxication  Tmut/Pois      0%         N/A       100%        5
 Iskenderun's Battlesphe  Conj           0%         2d6       100%        5
 Iron Shot                Conj/Erth      0%         9d1       100%        6
 Spellforged Servitor     Conj/Summ      0%         N/A       100%        7


Dungeon Overview and Level Annotations

Branches:
Dungeon (9/15)             Temple (1/1) D:5
   Lair: D:8-11         Orc: D:9-12

Altars:
Ashenzari
Cheibriados
Dithmenos
Gozag
Kikubaaqudgha
Makhleb
Nemelex Xobeh
Okawaru
Qazlal
Sif Muna
Uskayaw
Vehumet
Wu Jian
Yredelemnul

Shops:
D:6 [   D:9 :

Annotations:
D:8 Gastronok


Innate Abilities, Weirdness & Mutations

You have hoof-like feet.
Spells you cast may paralyse nearby enemies.


Message History

Gastronok is nearby!
Found a viscous blue potion.
Found a stone staircase leading down.
Found a stone staircase leading up.
You feel briefly sluggish. Gastronok bites you!!
You hit Gastronok.
Gastronok is lightly wounded.
You hit Gastronok.
Gastronok is lightly wounded.
You hit Gastronok but do no damage. Lightning courses through Gastronok!
Gastronok is lightly wounded.
Gastronok bites you!
You hit Gastronok.
Gastronok is lightly wounded.
You hit Gastronok but do no damage.
Gastronok is lightly wounded.
You hit Gastronok but do no damage.
Gastronok is lightly wounded.
You hit Gastronok but do no damage.
Gastronok is lightly wounded.
Gastronok bites you!!
You are too injured to fight recklessly!
You are too injured to fight recklessly!
You are too injured to fight recklessly!
You are too injured to fight recklessly!
You hit Gastronok but do no damage.
Gastronok is lightly wounded.
You hit Gastronok.
Gastronok is lightly wounded.
You completely miss Gastronok.
Gastronok is lightly wounded.
Gastronok bites you!!
* * * LOW HITPOINT WARNING * * *
There is a stone staircase leading down here.
There is a stone staircase leading up here.
You climb upwards.
There is a stone staircase leading down here.
Gastronok waves his eye-stalks in wide circles.
The air twists around and strikes you!!
You die...

.........## ##.)))..........#
..........# ##..)..........#
..^.......# ##.)..........#
.........######............##
.........###..............##
.............######.......###
...........#...########.....###
........####.....<### ####....###
.......## #.....@...## ####....
#.###..# ##.....>....## #######
....#### #......w.....# ##....##
...8.# #............# #.####.#
.....#####...........## #.# #.#
._.....##............## #.# #.#
.....#.##..........#..# #.####.#
...8.#.####......####.#####).#†##
....##.# ######## #...# #.)#.##


You could see Gastronok.

Vanquished Creatures
  Erica (D:8)
  Pikel (D:6)
  A rime drake (shapeshifter) (D:8)
  Grinder (D:6)
  A hornet (D:8)
  A shadow (D:6)
  5 yaks
  3 water moccasins
  Duvessa (D:5)
  2 orc warriors
  A black bear (D:6)
  An ice beast (D:4)
  An ogre (D:5)
  2 centaurs (D:7)
  4 phantoms
  A kobold brigand (D:8)
  4 bullfrogs
  2 necrophages
  3 scorpions (D:5)
  A gnoll sergeant (D:8)
  12 wights
  Dowan (D:5)
  2 howler monkeys
  2 orc priests
  5 hounds
  3 jellies
  9 iguanas
  Natasha (thrice) (D:4)
  9 orc wizards
  3 gnolls (D:4)
  8 adders
  A shadow imp (D:7)
  2 white imps
  2 ufetubi
  3 worms
  5 dart slugs
  31 orcs
  2 bats
  6 endoplasms
  7 giant cockroaches
  5 goblins
  4 hobgoblins
  4 jackals (D:3)
  16 kobolds
  3 quokkas
  4 ball pythons
  4 frilled lizards
  7 rats
200 creatures vanquished.

Vanquished Creatures (others)
  An orc (D:8)
  A kobold (D:8)
2 creatures vanquished.

Grand Total: 202 creatures vanquished

Notes
Turn   | Place    | Note
-------+----------+-------------------------------------------
     0 | D:1      | siradein the Demonspawn Fighter began the quest for the
                  | Orb.
     0 | D:1      | Reached XP level 1. HP: 18/18 MP: 1/1
   338 | D:1      | Gained mutation: Spells you cast may paralyse adjacent
                  | enemies. [demonic ancestry]
   338 | D:1      | Reached XP level 2. HP: 20/24 MP: 2/2
   497 | D:1      | Found a faded altar of an unknown god.
  1525 | D:2      | Gained mutation: You have large cloven feet. [demonic
                  | ancestry]
  1525 | D:2      | Reached XP level 3. HP: 25/29 MP: 3/3
  2600 | D:3      | Reached XP level 4. HP: 12/37 MP: 4/4
  2924 | D:3      | Reached skill level 4 in Fighting
  2935 | D:3      | HP: 1/37 [orc/+0 falchion (2)]
  2937 | D:3      | Reached XP level 5. HP: 2/42 MP: 5/5
  3822 | D:3      | You fall into a shaft and drop 2 floors!
  3822 | D:5      | Entered Level 5 of the Dungeon
  4011 | D:4      | Noticed a phantom
  4022 | D:4      | Killed a phantom
  4023 | D:4      | Gained mutation: Spells you cast may paralyse nearby
                  | enemies. [demonic ancestry]
  4023 | D:4      | Reached XP level 6. HP: 34/50 MP: 6/6
  4258 | D:4      | Reached skill level 5 in Fighting
  4460 | D:3      | Found a snail-covered altar of Cheibriados.
  4604 | D:4      | Found a radiant altar of Vehumet.
  4794 | D:4      | Noticed Natasha
  4797 | D:4      | Killed Natasha
  4817 | D:4      | Noticed Natasha
  4828 | D:4      | Killed Natasha
  5054 | D:4      | Noticed an ice beast
  5063 | D:4      | Killed an ice beast
  5064 | D:4      | Reached XP level 7. HP: 57/57 MP: 7/7
  5363 | D:4      | Noticed Natasha
  5368 | D:4      | Killed Natasha
  5601 | D:5      | Reached skill level 5 in Short Blades
  5848 | D:5      | Reached skill level 6 in Fighting
  5905 | D:5      | Found a stormy altar of Qazlal.
  5985 | D:5      | Noticed Duvessa
  5999 | D:5      | Killed Duvessa
  6040 | D:5      | Noticed Dowan
  6044 | D:5      | Killed Dowan
  6277 | D:5      | Reached XP level 8. HP: 60/65 MP: 8/8
  6325 | D:5      | Found a broken altar of Ashenzari.
  6514 | D:5      | Reached skill level 7 in Fighting
  6704 | D:5      | Found a staircase to the Ecumenical Temple.
  6763 | Temple   | Entered the Ecumenical Temple
  7573 | D:6      | Reached skill level 8 in Fighting
  7579 | D:6      | Found an iron altar of Okawaru.
  7598 | D:6      | Noticed Pikel
  7666 | D:6      | Killed Pikel
  7667 | D:6      | Reached XP level 9. HP: 29/75 MP: 9/9
  7980 | D:6      | Noticed Grinder
  7984 | D:6      | Paralysed by Grinder for 4 turns
  7990 | D:6      | Killed Grinder
  7991 | D:6      | Reached skill level 9 in Fighting
  8492 | D:6      | Found Domityz's Antique Armour Boutique.
  8896 | D:6      | Bought a glowing buckler for 187 gold pieces
  9054 | D:7      | Reached skill level 10 in Fighting
  9058 | D:7      | Found a burning altar of Makhleb.
  9548 | D:7      | Gained mutation: You have hoof-like feet. [demonic
                  | ancestry]
  9548 | D:7      | Reached XP level 10. HP: 85/86 MP: 10/10
  9686 | D:8      | Noticed Erica
  9707 | D:8      | Killed Erica
  9841 | D:8      | Found an opulent altar of Gozag.
  9958 | D:8      | Reached skill level 11 in Fighting
 10088 | D:8      | Reached skill level 10 in Short Blades
 10733 | D:9      | Found Lokor's Book Boutique.
 10758 | D:9      | Noticed Gastronok
 10780 | D:8      | Killed from afar by Gastronok

Illustrated notes

Levels and vault maps discovered:
D:1:      dreamdust_arrival_beginning_and_end, layout_basic,
          serial_corexii_hall, chequers_hall_statues_corner_a,
          corexii_hall_statues_i, corexii_hall_statues_u,
          hellmonk_ecumenical_altar_run_dry
D:2:      layout_basic
D:3:      layout_loops_ring, lemuel_coloured_pillars_altar, moated_statue,
          grunt_ministairs_4
D:4:      layout_gridville, kennysheep_little_box, serial_bayou,
          serial_bayou_pond_d, serial_bayou_pond_c, serial_bayou_shore_a,
          serial_bayou_crossing, hangedman_decor_diamond_cutter, uniq_natasha
D:5:      layout_loops_corners, grunt_qazlal_sundering, evilmike_ruin_ashenzari,
          minmay_temple_entry_statues_fountains, grunt_decor_junction,
          uniq_duvessa
D:6:      layout_gridville, mainiacjoe_overflow_alcove_4, serial_glass,
          glass_columns_c, glass_columns_a, due_unseen_surprise, serial_shops,
          nicolae_lakefront_shop, serial_bayou_pond_a,
          minmay_a_box_with_orc_wizards_in_it, uniq_grinder, uniq_pikel
D:7:      layout_rooms, mainiacjoe_overflow_boulevard, serial_corexii_hall,
          corexii_hall_statues_i, corexii_hall_statues_x, kennysheep_doodads
D:8:      minmay_chambers_of_fours, layout_cave_pods, grunt_gozag_statues,
          feat_on_display, uniq_erica
D:9:      layout_basic, lemuel_crystal_altar, trog_three_pillars_becter,
          orc_0_dummy, serial_shops, shop, nicolae_shop_window_shopping,
          biasface_ghost_orc_armoury, uniq_gastronok
Temple:   hellmonk_temple_rainy

Skill      XL: |  1  2  3  4  5  6  7  8  9 10 |
---------------+-------------------------------+-----
Short Blades   | 2 3 4 5 7 9 10 | 10.6
Shields        | 3 4 |  4.0
Fighting       | 4 5 6 8 10 11 | 11.7
Armour         | |  2.6

Action                   |  1- 3 |  4- 6 |  7- 9 | 10-12 || total
-------------------------+-------+-------+-------+-------++-------
Melee: Rapier            |   111 |       |       |       ||   111
       Dagger            |    25 |   190 |   354 |   185 ||   754
       Kick              |    11 |    51 |   129 |    34 ||   225
  Use: Scroll            |       |       |     7 |     1 ||     8
 Stab: Sleeping          |       |       |       |     1 ||     1
Armor: Scale mail        |    56 |    54 |     9 |       ||   119
       Chain mail        |       |       |    43 |       ||    43
       Troll leather arm |       |       |    10 |    13 ||    23
Dodge: Dodged            |    46 |    49 |    68 |    32 ||   195
Block: Buckler           |    21 |    63 |   139 |    68 ||   291
       Reflection        |       |     3 |     3 |     7 ||    13

Table legend: (Time is in decaauts)
 A = Elapsed time spent in this place.
 B = Non-inter-level travel time spent in this place.
 C = Inter-level travel time spent in this place.
 D = Time resting spent in this place.
 E = Time spent auto-exploring this place.
 F = Levels seen in this place.
 G = Mean time per level.
                   A        B        C        D        E       F      G
               +--------+--------+--------+--------+--------+-----+--------+
         Total |  10606 |   9983 |    623 |    260 |   8194 |  10 | 1060.6 |
       Dungeon |  10401 |   9778 |    623 |    260 |   8007 |   9 | 1155.7 |
        Temple |    205 |    205 |      0 |      0 |    187 |   1 |  205.0 |
               +--------+--------+--------+--------+--------+-----+--------+

Top non-repeatable levels by time:
     D:6: 1691 daAuts
     D:3: 1557 daAuts
     D:1: 1421 daAuts
     D:4: 1349 daAuts
     D:5: 1329 daAuts
     D:2: 1302 daAuts
     D:8: 1066 daAuts
     D:7: 625 daAuts
  Temple: 205 daAuts
     D:9: 58 daAuts
